 Dungeon Crawl Stone Soup version 0.21-a0-476-gd103f4b (webtiles) character file.

254 nikopol the Magician (level 5, -5/28 HPs)
             Began as a Deep Elf Fire Elementalist on Nov 22, 2017.
             Shot with an arrow by a centaur (11 damage)
             ... on level 4 of the Dungeon.
             The game lasted 00:13:22 (3776 turns).

nikopol the Magician (Deep Elf Fire Elementalist)   Turns: 3776, Time: 00:13:23

Health: -5/28      AC:  2    Str:  5    XL:     5   Next: 90%
Magic:  2/15       EV: 13    Int: 21    God:
Gold:   182        SH:  0    Dex: 15    Spells: 4/15 levels left

rFire    . . .     SeeInvis .   p - +0 short sword
rCold    . . .     Gourm    .   (no shield)
rNeg     . . .     Faith    .   a - +0 robe
rPois    .         Spirit   .   (no helmet)
rElec    .         Reflect  .   (no cloak)
rCorr    .         Harm     .   (no gloves)
MR       .....                  (no boots)
Stlth    ++........             q - amulet of inaccuracy (curse)
HPRegen  0.09/turn              (no ring)
MPRegen  0.14/turn              (no ring)

@: no status effects
A: no striking features
a: no special abilities


You were on level 4 of the Dungeon.
You were not hungry.

You visited 1 branch of the dungeon, and saw 4 of its levels.

You collected 182 gold pieces.

Inventory:

Hand Weapons
 p - a +0 short sword (weapon)
Armour
 a - a +0 robe (worn)
Jewellery
 o - an uncursed amulet of the gourmand {unknown}
 q - a cursed amulet of inaccuracy (around neck)
 t - an uncursed amulet of rage {unknown}
Wands
 v - a wand of disintegration (5)
Scrolls
 e - a scroll of immolation {unknown}
 f - 4 scrolls of identify {unknown}
 h - 4 scrolls of teleportation {unknown}
 i - 2 scrolls of magic mapping {unknown}
 k - a scroll of blinking {unknown}
 s - 4 scrolls of remove curse {unknown}
Potions
 m - a potion of mutation {unknown}
 n - 2 potions of curing {unknown}
 r - a potion of lignification {unknown}
Books
 b - a book of Flames

   Spells                             Type                      Level
   a - Flame Tongue                   Conjuration/Fire             1
   b - Throw Flame                    Conjuration/Fire             2
   c - Conjure Flame                  Conjuration/Fire             3
   d - Inner Flame                    Hexes/Fire                   3
   e - Sticky Flame                   Conjuration/Fire             4
   f - Fireball                       Conjuration/Fire             5
 l - a book of Misfortune

   Spells                             Type                      Level
   a - Confusing Touch                Hexes                        1
   b - Confuse                        Hexes                        3
   c - Gell's Gravitas                Translocation                3
   d - Petrify                        Transmutation/Earth          4
   e - Metabolic Englaciation         Hexes/Ice                    5
   f - Yara's Violent Unravelling     Hexes/Transmutation          5
Comestibles
 c - 2 bread rations
 d - a meat ration
 g - 4 royal jellies
 j - 8 fruits
 u - a chunk of flesh


   Skills:
 + Level 2.9 Dodging
 + Level 2.9 Stealth
 + Level 5.7 Spellcasting
 + Level 2.7 Conjurations
 + Level 5.0 Fire Magic


You had 4 spell levels left.
You knew the following spells:

 Your Spells              Type           Power        Failure   Level  Hunger
a - Flame Tongue          Conj/Fire      ###..        1%          1    None
b - Throw Flame           Conj/Fire      ###...       3%          2    None
c - Conjure Flame         Conj/Fire      ###.....     6%          3    ##.....
d - Fireball              Conj/Fire      ###.......   50%         5    #####..


Dungeon Overview and Level Annotations

Branches:
Dungeon (4/15)
 Temple: D:4-7

Altars:
Nemelex Xobeh


Message History

Aim: a centaur, wielding a shortbow (moderately wounded)
The puff of flame misses the centaur.
The centaur shoots an arrow.
The arrow barely misses you.
The centaur shoots an arrow.
The arrow hits you.
* * * LOW HITPOINT WARNING * * *
Casting: Throw Flame
Confirm with . or Enter, or press ? or * to list all spells.
Aiming: Throw Flame
Press: ? - help, Shift-Dir - straight line, f/p - centaur
Aim: a centaur, wielding a shortbow (moderately wounded)
The puff of flame misses the centaur.
The centaur shoots an arrow.
The arrow closely misses you.
Casting: Throw Flame
Confirm with . or Enter, or press ? or * to list all spells.
Aiming: Flame Tongue
Press: ? - help, Shift-Dir - straight line, f/p - centaur
Aim: a centaur, wielding a shortbow (moderately wounded)
The flame tongue hits the centaur.
The centaur is almost dead.
The centaur shoots an arrow.
The arrow hits you!
You die...

##.# #.##...#...# #...# ##.#
#.######..)# #...# ...#
#..........#####...###
#..#########..######..##.........
#....>.....#..######..##.........
#.########............##.........
#.# ###..........#####...### #.#
######.#####.### #...# #.#
#....(....@§c.# #...# #.#
#.#####.####(.# ##### #.# #.#
#(.# ##### <.#### # #.# #..#
#.>.## ##...##.# #>.......#
#..... ##....... ....##$...#
#...## ........ .## ....(.# ##.##
....###.# . #.....c.# #.#
#........ .........# #.#


You could see a centaur.

Vanquished Creatures
  A hound (D:4)
  Natasha (thrice) (D:2 D:4)
  Terence (D:3)
  3 adders
  An ooze (D:4)
  2 worms
  A dart slug (D:1)
  4 leopard geckos
  8 orcs
  A ball python (D:2)
  A giant cockroach (D:2)
  4 goblins
  9 hobgoblins
  9 jackals
  11 bats
  6 frilled lizards
  8 kobolds
  A leopard gecko skeleton (D:3)
  9 rats
83 creatures vanquished.

Notes
Turn   | Place    | Note
-------+----------+-------------------------------------------
     0 | D:1      | nikopol the Deep Elf Fire Elementalist began the quest for the Orb.
     0 | D:1      | Reached XP level 1. HP: 10/10 MP: 6/6
   221 | D:1      | Reached XP level 2. HP: 15/15 MP: 5/8
   665 | D:2      | Reached XP level 3. HP: 17/19 MP: 2/10
  1277 | D:2      | Noticed Natasha
  1285 | D:2      | Killed Natasha
  1285 | D:2      | Reached XP level 4. HP: 5/24 MP: 4/11
  1297 | D:2      | Learned a level 2 spell: Throw Flame
  1301 | D:2      | Learned a level 3 spell: Conjure Flame
  2366 | D:3      | Noticed Terence
  2910 | D:3      | Killed Terence
  2910 | D:3      | Reached XP level 5. HP: 28/28 MP: 0/13
  2917 | D:3      | Learned a level 5 spell: Fireball
  3032 | D:3      | Found a sparkling altar of Nemelex Xobeh.
  3070 | D:4      | Noticed Natasha
  3075 | D:4      | Killed Natasha
  3193 | D:4      | Noticed a centaur
  3292 | D:4      | Reached skill level 5 in Spellcasting
  3407 | D:4      | Noticed Natasha
  3434 | D:4      | Killed Natasha
  3434 | D:4      | Reached skill level 5 in Fire Magic
  3776 | D:4      | Shot with an arrow by a centaur

Vault maps used:
D:1:      dpeg_arrival_rhombus
D:2:      first_bread, minmay_tall_x, uniq_natasha
D:3:      dk_noncrumbling_3, nemelex_spade_bored_becter, uniq_terence
D:4:      kennysheep_crisscross

Skill      XL: |  1  2  3  4  5 |
---------------+----------------+-----
Fire Magic     | 4 5 |  5.0
Spellcasting   | 4 5 |  5.7
Conjurations   | 2 |  2.7
Dodging        | |  2.9
Stealth        | |  2.9

Action                   |  1- 3 |  4- 6 || total
-------------------------+-------+-------++-------
Melee: Short sword       |       |     1 ||     1
 Cast: Flame Tongue      |    69 |   103 ||   172
       Conjure Flame     |       |     2 ||     2
       Throw Flame       |       |     8 ||     8
  Eat: Chunk             |     1 |     8 ||     9
Armor: Robe              |     5 |     7 ||    12
Dodge: Dodged            |    17 |    21 ||    38

Table legend:
 A = Spawn XP
 B = Non-spawn XP
 C = Spawn XP percentage of total XP
 D = Spawn monster count
 E = Non-spawn monster count
 F = Spawn count percentage of total count
 G = Total turns spent on level
                    A         B        C        D         E        F      G
               +---------+---------+-------+---------+---------+-------+---------
         Total |       0 |     363 |   0.0 |       0 |      83 |   0.0 |  3776
               +---------+---------+-------+---------+---------+-------+---------
           D:1 |       0 |      24 |   0.0 |       0 |      15 |   0.0 |   629
           D:2 |       0 |     104 |   0.0 |       0 |      27 |   0.0 |  1379
           D:3 |       0 |      76 |   0.0 |       0 |      26 |   0.0 |  1045
           D:4 |       0 |     159 |   0.0 |       0 |      15 |   0.0 |   723
               +---------+---------+-------+---------+---------+-------+---------
